 Dungeon Crawl Stone Soup version 0.31-a0-816-gd61d57ddb1 (webtiles) character file.

Game seed: 6395652489566805657

612 Revguard the Trooper (level 7, -2/61 HPs)
             Began as a Ghoul Fighter on Sept 22, 2023.
             Slain by an ogre
             ... wielding a +0 giant club
              (15 damage)
             ... on level 5 of the Dungeon.
             The game lasted 00:06:33 (3714 turns).

Revguard the Trooper (Ghoul Fighter)                Turns: 3714, Time: 00:06:34

Health: -2/61      AC:  6    Str: 22    XL:     7   Next: 44%
Magic:  7/7        EV: 10    Int:  3    God:
Gold:   172        SH:  5    Dex:  8    Spells: 6/6 levels left

rFire   . . .        a - +1 war axe
rCold   + . .        c - +1 buckler
rNeg    + + +        b - +0 scale mail
rPois   ∞            (no helmet)
rElec   .            (no cloak)
rCorr   .            (no gloves)
SInv    .            (no boots)
Will    .....        (no amulet) Stlth
                     (no ring)
HPRegen 0.00/turn    (no ring)
MPRegen 0.10/turn

%: no passive effects
@: inhibited regen
A: claws 1, cold resistance 1, negative energy resistance 3, inhibited
regeneration, torment resistance 2, devour on kill
a: no special abilities


You were on level 5 of the Dungeon.
You visited 1 branch of the dungeon, and saw 5 of its levels.

You collected 172 gold pieces.

Inventory:

Hand Weapons
 a - a +1 war axe (weapon)
Armour
 b - a +0 scale mail (worn)
 c - a +1 buckler (worn)
Jewellery
 d - a ring of fire
Wands
 h - a wand of polymorph (13)
 i - a wand of digging (3)
Scrolls
 e - a scroll of fear
 g - a scroll of revelation
 j - 3 scrolls of teleportation
 k - a scroll of enchant weapon
 m - a scroll of torment
 p - a scroll of blinking
 q - a scroll of enchant armour
 r - 2 scrolls of noise
Potions
 f - 2 potions of curing
 n - 2 potions of mutation
 o - 2 potions of enlightenment


   Skills:
 * Level 5.0 Fighting
 * Level 3.4 Axes
 + Level 3.4 Armour
 + Level 1.8 Dodging
 * Level 4.2 Shields
 + Level 2.4 Invocations
 + Level 1.8 Evocations


You had 6 spell levels left.
You didn't know any spells.
Your spell library contained the following spells:

 Spells                   Type           Power      Damage    Failure   Level
 Sting                    Tmut/Pois      0%         1d3       88%         1
 Poisonous Vapours        Pois/Air       0%         N/A       96%         2
 Dazzling Flash           Conj/Hex       0%         N/A       99%         3
 Ozocubu's Armour         Ice            0%         N/A       99%         3
 Animate Dead             Necr           0%         N/A       100%        4
 Olgreb's Toxic Radiance  Pois           0%         N/A       100%        4
 Agony                    Necr           0%         N/A       100%        5
 Metabolic Englaciation   Hex/Ice        0%         N/A       100%        5
 Silence                  Hex/Air        0%         N/A       100%        5
 Simulacrum               Ice/Necr       0%         N/A       100%        6
 Haunt                    Necr/Summ      0%         N/A       100%        7
 Infestation              Necr           0%         N/A       100%        8


Dungeon Overview and Level Annotations

Branches:
Dungeon (5/15)
 Temple: D:4-7

Altars:
Hepliaklqana
Kikubaaqudgha
Trog


Innate Abilities, Weirdness & Mutations

You are immune to poison.
You have sharp fingernails.
Your flesh is cold resistant. (rC+)
You are immune to negative energy. (rN+++)
You do not regenerate when monsters are visible.
You are immune to unholy pain and torment.
You thrive by killing the living.


Message History

You slash the dart slug!
You kill the dart slug!
HP restored.
Things that are here:
a +0 hand axe; a +0 scale mail; an orc corpse
Found a stone staircase leading down.
You now have 160 gold pieces (gained 5).
You now have 172 gold pieces (gained 12).
A hound, an iguana and an ogre come into view.
Found a twisted fluorescent wand.
The hound barks!
The iguana hisses angrily.
The ogre shouts!
Found a stone staircase leading down.
An adder comes into view.
The adder hisses angrily.
The hound barely misses you. The hound attacks as it pursues you!
The hound bites you. x2
You slash the hound!
The hound is heavily wounded.
The hound closely misses you. The hound bites you but does no damage.
You barely miss the hound.
The hound is heavily wounded.
You hit the ogre. The hound bites you but does no damage. The ogre misses you.
The hound closely misses you.
You slash the ogre!
The ogre is heavily wounded.
You slash the hound! The hound completely misses you.
The ogre hits you with a +0 giant club!!
The hound bites you but does no damage.
You barely miss the ogre.
The ogre is heavily wounded.
You slash the hound!
You kill the hound!
The ogre hits you with a +0 giant club!!
* * * LOW HITPOINT WARNING * * *
The adder completely misses you.
You barely miss the ogre.
The ogre is heavily wounded.
You barely miss the adder. The adder bites you but does no damage.
The ogre hits you with a +0 giant club!
You die...

..).......... ..
..)...#..#..#.......# >##
...#..#.##..#. ..... ##..#
####..#...... #...##....#
#..###...# ..........
###..###..######....../..
##....#.#......##.........
#...............#.....#...
............###.@Sl........
............# #.#O.....#...
............# #.#.....##
............# #...##.....
#..##.###.#.......# ......
#.. ... .##...###.. ...###
#..#### . ..## ### ....#
.....


You could see an ogre, an iguana and an adder.

Vanquished Creatures
  An ice beast (D:4)
  A black bear (D:4)
  An ogre (D:4)
  A hound (D:5)
  A jelly (D:2)
  3 orc priests
  A sleepcap (D:4)
  An orc wizard (D:3)
  3 adders
  A white imp (D:5)
  An ufetubus (D:4)
  A worm (D:2)
  4 dart slugs
  5 orcs
  5 bats
  6 endoplasms
  3 giant cockroaches
  9 hobgoblins
  7 jackals
  2 quokkas
  5 ball pythons
  15 frilled lizards
  7 goblins
  8 kobolds
  6 rats
98 creatures vanquished.

Vanquished Creatures (others)
  A human (D:4)
1 creature vanquished.

Grand Total: 99 creatures vanquished

Notes
Turn   | Place    | Note
-------+----------+-------------------------------------------
     0 | D:1      | Revguard the Ghoul Fighter began the quest for the Orb.
     0 | D:1      | Reached XP level 1. HP: 19/19 MP: 0/0
   219 | D:1      | Reached XP level 2. HP: 26/26 MP: 1/1
   525 | D:1      | Reached XP level 3. HP: 31/31 MP: 2/2
   723 | D:2      | Reached skill level 1 in Invocations
   723 | D:2      | Reached XP level 4. HP: 21/40 MP: 3/3
  1635 | D:3      | Reached skill level 1 in Dodging
  1642 | D:3      | Reached skill level 4 in Fighting
  1642 | D:3      | Reached XP level 5. HP: 36/46 MP: 4/4
  1729 | D:3      | Reached skill level 1 in Evocations
  1739 | D:3      | Found a faded altar of an unknown god.
  2131 | D:4      | Noticed an ice beast
  2138 | D:4      | Killed an ice beast
  2139 | D:4      | Reached XP level 6. HP: 47/53 MP: 6/6
  2481 | D:4      | Noticed a black bear
  2492 | D:4      | Killed a black bear
  2496 | D:4      | Reached XP level 7. HP: 33/60 MP: 7/7
  2730 | D:4      | Found an ancient bone altar of Kikubaaqudgha.
  2732 | D:4      | Noticed a human
  2734 | D:4      | Killed a human
  2884 | D:4      | Found a hazy altar of Hepliaklqana.
  3143 | D:4      | Found a bloodstained altar of Trog.
  3504 | D:5      | Entered Level 5 of the Dungeon
  3521 | D:5      | Reached skill level 5 in Fighting
  3714 | D:5      | Slain by an ogre

Illustrated notes

Levels and vault maps discovered:
D:1:      dpeg_arrival_concentric_ovals, layout_basic, minmay_lizard_king
D:2:      layout_loops_cross
D:3:      layout_basic, shapermc_ecumenical_altar_mp_urbaneastern
D:4:      layout_basic, nicolae_hepliaklqana_hippocampus,
          mainiacjoe_overflow_paths, tgw_kikubaaqudgha
D:5:      layout_cave_pools, kennysheep_small_circle

Skill      XL: |  1  2  3  4  5  6  7 |
---------------+----------------------+-----
Axes           | 2 3 |  3.4
Shields        | 3 4 |  4.2
Invocations    | 1 2 |  2.4
Dodging        | 1 |  1.8
Fighting       | 4 5 |  5.0
Armour         | 3 |  3.4
Evocations     | 1 |  1.8

Action                     |  1- 3 |  4- 6 |  7- 9 || total
---------------------------+-------+-------+-------++-------
  Melee: War axe           |    68 |   121 |    55 ||   244
    Use: Scroll            |       |     6 |     7 ||    13
         Potion            |       |     2 |       ||     2
 Armour: Scale mail        |    80 |   119 |    49 ||   248
  Dodge: Dodged            |    55 |    77 |    37 ||   169
  Block: Buckler           |    15 |    20 |    15 ||    50

Table legend: (Time is in decaauts)
 A = Elapsed time spent in this place.
 B = Non-inter-level travel time spent in this place.
 C = Inter-level travel time spent in this place.
 D = Time resting spent in this place.
 E = Time spent auto-exploring this place.
 F = Levels seen in this place.
 G = Mean time per level.
                   A        B        C        D        E       F      G
               +--------+--------+--------+--------+--------+-----+--------+
         Total |   3812 |   3754 |     58 |      0 |   3036 |   5 |  762.4 |
       Dungeon |   3812 |   3754 |     58 |      0 |   3036 |   5 |  762.4 |
               +--------+--------+--------+--------+--------+-----+--------+

Top non-repeatable levels by time:
     D:4: 1416 daAuts
     D:3: 811 daAuts
     D:1: 744 daAuts
     D:2: 624 daAuts
     D:5: 216 daAuts
